 Dungeon Sprint DCSS version 0.27-a0-29-g2d0a2396b0 (webtiles) character file.

Game seed: 17863593090784982133

12072 reriks the Bludgeoner (level 11, -1/80 HPs)
             Began as a Gargoyle Berserker on Jan 3, 2021.
             Was the Champion of Trog.
             Slain by an azure jelly (glowing shapeshifter) (26 damage)
             ... in the Dungeon (Sprint III: "The Ten Rune Challenge").
             The game lasted 00:08:27 (4393 turns).

reriks the Bludgeoner (Gargoyle Berserker)          Turns: 4393, Time: 00:08:27

Health: -1/80      AC: 21    Str: 20    XL:     11   Next: 87%
Magic:  11/11      EV: 12    Int: 13    God:    Trog [******]
Gold:   1634       SH:  0    Dex:  9    Spells: 10/10 levels left

rFire    . . .     SeeInvis .   z - +5 dire flail "Luonoed" {vorpal, rPois Str-5 Int+6}
rCold    . . .     Faith    .   (shield currently unavailable)
rNeg     + . .     Spirit   .   s - +0 chain mail
rPois    ∞         Reflect  .   (no helmet)
rElec    +         Harm     .   (no cloak)
rCorr    .         Rampage  .   (no gloves)
Will     .....     NoTele   +   (no boots)
Stlth    ..........             (no amulet)
HPRegen  0.23/turn              (no ring)
MPRegen  0.12/turn              (no ring)

@: no status effects
A: negative energy resistance 1, electricity resistance, unbreathing,
petrification resistance, miasma immunity, AC +8
a: Renounce Religion, Berserk, Trog's Hand, Brothers in Arms


You were in the Dungeon.
You worshipped Trog.
Trog was exalted by your worship.
You visited 1 branch You collected 1788 gold pieces.
You spent 154 gold pieces at shops.

Inventory:

Hand Weapons
 a - a +0 mace
 e - a +6 halberd of flaming
 u - a +5 vorpal rapier
 v - a +0 antimagic great mace
 x - a +1 dire flail of flaming
 y - a +1 antimagic morningstar
 z - the +5 dire flail "Luonoed" (weapon) {vorpal, rPois Str-5 Int+6}
   (Trog gifted it to you in the Dungeon)

   It inflicts extra damage upon your enemies.
   It affects your strength (-5).
   It affects your intelligence (+6).
   It protects you from poison.
Armour
 b - a +0 animal skin
 s - a +0 chain mail (worn)
Wands
 t - a wand of iceblast (8)
Scrolls
 h - a scroll of blinking
 j - a scroll of immolation {unknown}
 k - 12 scrolls of identify
 l - a scroll of fog {unknown}
 o - a scroll of torment {unknown}
 p - a scroll of remove curse {unknown}
Potions
 c - 3 potions of curing
 d - a potion of heal wounds
 f - 2 potions of magic
 g - 2 potions of berserk rage
 i - 2 potions of mutation {unknown}
 m - a potion of resistance {unknown}
 n - 2 potions of flight
 q - a potion of ambrosia {unknown}
 r - a potion of attraction {unknown}
 w - a potion of invisibility


   Skills:
 + Level 14.4 Fighting
 * Level 17.6 Maces & Flails
 + Level 14.2 Armour
 + Level 11.3 Dodging


You had 10 spell levels left.
You didn't know any spells.
Your spell library was empty.

Dungeon Overview and Level Annotations

Branches:
Dungeon (1/1)

Altars:
Dithmenos
Elyvilon
Kikubaaqudgha
Okawaru
Ru
Sif Muna
Trog
Uskayaw
Vehumet
Wu Jian
Yredelemnul
Zin
The Shining One
Beogh

Shops:
D !

Annotations:
D exclusion: orange crystal statue


Innate Abilities, Weirdness & Mutations

You are resistant to torment.
Your stone body is resilient. (AC +8)
You are immune to poison.
You resist negative energy. (rN+)
You are resistant to electric shocks. (rElec)
You can survive without breathing.
You are immune to petrification.
You are immune to miasma.


Message History

You puncture the azure jelly!
The azure jelly is heavily wounded.
The azure jelly hits you but does no damage.
The azure jelly barely misses you.
The azure jelly hits you but does no damage. x2
You hit the azure jelly.
The azure jelly is heavily wounded.
The azure jelly hits you. The azure jelly freezes you!!!
Ouch! That really hurt!
The azure jelly hits you but does no damage.
The azure jelly misses you. The azure jelly closely misses you.
A ball lightning comes into view.
You sock the azure jelly!
The azure jelly is severely wounded.
The ball lightning explodes!
The blast of lightning engulfs the azure jelly.
The azure jelly resists.
The blast of lightning engulfs you. You resist.
The azure jelly hits you but does no damage.
The azure jelly hits you! The azure jelly freezes you!!
You die... ## §###≈ §§≈≈≈ ############ #+# §≈≈≈§ #}..#}..#..# ... #≈≈≈≈ #...#...#..# .PPP

# § ≈
##'###'##..#..PcP ###
###.......'..s...P
)§#
##.#.#####(####....m.
#####..'.#...'.#@.#
.....
....'..#######(J..#
.... ########. #.####
... # #.. #.#..# .. #
#.#. #.'..# . # #...(
#.#..# # #.(...#.#..#
# #.+.#..# #
#..#.#..#


You could see an azure jelly.

Vanquished Creatures
  Harold (D)
  A fire dragon (D)
  A yaktaur captain (D)
  Erolcha (D)
  A centaur warrior (D)
  3 orc high priests (D)
  A skeletal warrior (D)
  Joseph (D)
  6 deep elf magi (D)
  A salamander (shapeshifter) (D)
  An orc sorcerer (D)
  A polar bear (shapeshifter) (D)
  A slime creature (D)
  2 redbacks (D)
  A shadow (D)
  A floating eye (D)
  A necrophage (D)
  An orc warrior (D)
  5 two-headed ogres (D)
  A water elemental (D)
  A scorpion (D)
  A jelly (D)
  2 orc priests (D)
  A wizard (D)
  An orc wizard (D)
  Jessica (D)
  A necromancer (D)
  A kobold demonologist (D)
  3 humans (D)
  An ooze (D)
  13 orcs (D)
  2 rats (D)
60 creatures vanquished.

Vanquished Creatures (others)
  A deep elf blademaster (D)
  Nessos (D)
  3 yaktaurs (D)
  2 spriggan defenders (D)
  A hornet (D)
  2 ball lightnings (D)
  3 ballistomycete spores (D)
  A bush (D)
  40 plants (D)
54 creatures vanquished.

Grand Total: 114 creatures vanquished

Notes
Turn   | Place    | Note
-------+----------+-------------------------------------------
     0 | D        | reriks the Gargoyle Berserker began the quest for the Orb.
     0 | D        | Reached XP level 1. HP: 14/14 MP: 1/1
    21 | D        | Noticed Jessica
    27 | D        | Killed Jessica
    27 | D        | Reached ** piety under Trog
    28 | D        | Reached skill level 4 in Maces & Flails
    28 | D        | Reached XP level 2. HP: 20/20 MP: 2/2
    28 | D        | Reached XP level 3. HP: 24/24 MP: 3/3
    98 | D        | Reached skill level 5 in Fighting
   227 | D        | Noticed a scorpion
   230 | D        | Killed a scorpion
   230 | D        | Reached *** piety under Trog
   231 | D        | Reached skill level 5 in Maces & Flails
   231 | D        | Reached skill level 5 in Armour
   231 | D        | Reached XP level 4. HP: 32/32 MP: 4/4
   294 | D        | Noticed a water elemental
   301 | D        | Killed a water elemental
   302 | D        | Reached skill level 6 in Maces & Flails
   302 | D        | Reached XP level 5. HP: 14/36 MP: 5/5
   615 | D        | Found a hide-covered altar of Uskayaw.
   615 | D        | Found an iron altar of Okawaru.
   616 | D        | Found a roughly hewn altar of Beogh.
   616 | D        | Found a bloodstained altar of Trog.
   616 | D        | Found an ornate altar of the Wu Jian Council.
   616 | D        | Noticed a human
   616 | D        | Noticed a human
   622 | D        | Killed a human
   623 | D        | Reached skill level 8 in Maces & Flails
   623 | D        | Reached skill level 5 in Dodging
   623 | D        | Reached XP level 6. HP: 44/44 MP: 6/6
   628 | D        | Killed a human
   629 | D        | Reached skill level 9 in Maces & Flails
   629 | D        | Reached XP level 7. HP: 49/49 MP: 7/7
   695 | D        | Found a glowing silver altar of Zin.
   696 | D        | Found a glowing golden altar of the Shining One.
   696 | D        | Found a white marble altar of Elyvilon.
   696 | D        | Noticed a deep elf mage
   723 | D        | Killed a deep elf mage
   723 | D        | Reached **** piety under Trog
   724 | D        | Reached skill level 10 in Maces & Flails
   724 | D        | Reached XP level 8. HP: 28/56 MP: 8/8
   890 | D        | Found a basalt altar of Yredelemnul.
   890 | D        | Found a shadowy altar of Dithmenos.
   890 | D        | Found a sacrificial altar of Ru.
   894 | D        | Reached skill level 11 in Maces & Flails
  1010 | D        | Found a radiant altar of Vehumet.
  1010 | D        | Found a shimmering blue altar of Sif Muna.
  1010 | D        | Found an ancient bone altar of Kikubaaqudgha.
  1013 | D        | Reached ***** piety under Trog
  1015 | D        | Noticed a rust devil
  1112 | D        | Noticed a shadow
  1120 | D        | Killed a shadow
  1362 | D        | Received a gift from Trog
  1541 | D        | Reached skill level 10 in Fighting
  1807 | D        | Noticed a two-headed ogre
  1818 | D        | Killed a two-headed ogre
  1819 | D        | Reached skill level 12 in Maces & Flails
  1819 | D        | Reached skill level 10 in Armour
  1819 | D        | Reached XP level 9. HP: 42/62 MP: 9/9
  2253 | D        | Noticed Erolcha
  2263 | D        | Killed Erolcha
  2264 | D        | Reached skill level 13 in Maces & Flails
  2421 | D        | Noticed a two-headed ogre
  2436 | D        | Killed a two-headed ogre
  2436 | D        | Received a gift from Trog
  2747 | D        | Noticed an orc high priest
  2757 | D        | Noticed an ice devil
  2771 | D        | Killed an orc high priest
  2772 | D        | Reached skill level 14 in Maces & Flails
  2772 | D        | Reached XP level 10. HP: 71/71 MP: 10/10
  2810 | D        | Noticed an orc sorcerer
  2822 | D        | Killed an orc sorcerer
  2830 | D        | Reached ****** piety under Trog
  2872 | D        | Received a gift from Trog
  3126 | D        | Found Zusoetz's Distillery.
  3154 | D        | Bought a potion of flight for 33 gold pieces
  3154 | D        | Bought a potion of invisibility for 88 gold pieces
  3154 | D        | Bought a potion of curing for 33 gold pieces
  3159 | D        | Noticed a deep elf mage
  3159 | D        | Noticed a deep elf mage
  3159 | D        | Noticed a deep elf mage
  3159 | D        | Noticed a deep elf mage
  3159 | D        | Noticed a deep elf mage
  3178 | D        | Killed a deep elf mage
  3178 | D        | Received a gift from Trog
  3187 | D        | Killed a deep elf mage
  3188 | D        | Reached skill level 15 in Maces & Flails
  3196 | D        | Killed a deep elf mage
  3257 | D        | Killed a deep elf mage
  3257 | D        | Received a gift from Trog
  3267 | D        | Killed a deep elf mage
  3268 | D        | Reached skill level 10 in Dodging
  3302 | D        | Noticed a deep elf mage
  3401 | D        | Noticed Joseph
  3401 | D        | Noticed Harold
  3416 | D        | Killed Joseph
  3417 | D        | Reached XP level 11. HP: 58/78 MP: 11/11
  3423 | D        | Killed Harold
  3424 | D        | Reached skill level 16 in Maces & Flails
  3615 | D        | Received a gift from Trog
  3647 | D        | Got a pitted dire flail {god gift}
  3658 | D        | Identified the +5 dire flail "Luonoed" {vorpal, rPois Str-5
                  | Int+6} (Trog gifted it to you in the Dungeon)
  3859 | D        | Noticed a skeletal warrior
  3870 | D        | Killed a skeletal warrior
  4039 | D        | Noticed an orange crystal statue
  4077 | D        | Noticed a fire dragon
  4086 | D        | Killed a fire dragon
  4087 | D        | Reached skill level 17 in Maces & Flails
  4111 | D        | Noticed a centaur warrior
  4122 | D        | Killed a centaur warrior
  4142 | D        | Noticed a +1 vampiric glaive
  4142 | D        | Noticed a +0 antimagic glaive
  4211 | D        | Killed Nessos
  4255 | D        | Noticed a yaktaur captain
  4264 | D        | Noticed a salamander
  4264 | D        | a dream sheep changed into a salamander
  4268 | D        | Killed a salamander
  4295 | D        | Killed a deep elf blademaster
  4309 | D        | Noticed a moth of wrath
  4311 | D        | a moth of wrath changed into a tarantella
  4328 | D        | Killed a yaktaur captain
  4328 | D        | Received a gift from Trog
  4356 | D        | Noticed an ice dragon
  4378 | D        | Noticed an emperor scorpion
  4389 | D        | Noticed an azure jelly
  4393 | D        | Slain by an azure jelly (glowing shapeshifter)

Illustrated notes

Levels and vault maps discovered:
D:        dungeon_sprint_mu [sprint_mu_entry_cave, sprint_mu_temple_rooms,
          sprint_mu_d1_spiders, sprint_mu_d2_genie, sprint_mu_d3_branching,
          sprint_mu_orc_legion, sprint_mu_elf_gauntlet, sprint_mu_hive_nellie,
          sprint_mu_lair_fedhas, sprint_mu_vaults_butterflies,
          sprint_mu_slime_circle, sprint_mu_shoals_archi,
          sprint_mu_snake_twists, sprint_mu_blade_basic, sprint_mu_crypt_lich,
          sprint_mu_tomb_spiral, sprint_mu_vestibule_basic,
          sprint_mu_gehenna_hellfire, sprint_mu_dis_giant,
          sprint_mu_tartarus_statrot, sprint_mu_cocytus_islands, sprint_mu_zot1]

Skill      XL: |  1  2  3  4  5  6  7  8  9 10 11 |
---------------+----------------------------------+-----
Dodging        | 2 3 4 5 6 7 9 10 11 | 11.3
Fighting       | 4 5 6 7 8 9 10 11 13 14 | 14.4
Maces & Flails | 4 5 6 8 9 10 12 14 15 17 | 17.6
Armour         | 3 5 6 7 8 10 11 12 14 | 14.2

Action                   |  1- 3 |  4- 6 |  7- 9 | 10-12 || total
-------------------------+-------+-------+-------+-------++-------
Melee: Mace              |    17 |    17 |   117 |    26 ||   177
       Great mace        |       |       |       |    73 ||    73
       Dire flail        |       |       |       |    77 ||    77
Invok: Berserk           |     3 |     2 |    12 |     6 ||    23
       Trog's Hand       |       |       |       |     3 ||     3
  Use: Potion            |       |       |     1 |       ||     1
 Stab: Sleeping          |     1 |       |       |       ||     1
Armor: Animal skin       |       |     1 |       |       ||     1
       Chain mail        |       |       |    29 |    67 ||    96
Dodge: Dodged            |     6 |     5 |    30 |    56 ||    97

Table legend: (Time is in decaauts)
 A = Elapsed time spent in this place.
 B = Non-inter-level travel time spent in this place.
 C = Inter-level travel time spent in this place.
 D = Time resting spent in this place.
 E = Time spent auto-exploring this place.
 F = Levels seen in this place.
 G = Mean time per level.
                   A        B        C        D        E       F      G
               +--------+--------+--------+--------+--------+-----+--------+
         Total |   4516 |   4516 |      0 |   3694 |     20 |   1 | 4516.0 |
       Dungeon |   4516 |   4516 |      0 |   3694 |     20 |   1 | 4516.0 |
               +--------+--------+--------+--------+--------+-----+--------+

Top non-repeatable levels by time:
       D: 4516 daAuts
